 Dungeon Crawl Stone Soup version 0.28.0-47-ge53b351184 (webtiles) character file.

Game seed: 16185955564835662769

383 pkoi the Shield-Bearer (level 6, -1/52 HPs)
             Began as a Demigod Fighter on May 3, 2022.
             Slain by Edmund
             ... wielding a +2 vorpal flail
              (5 damage)
             ... on level 4 of the Dungeon.
             The game lasted 00:08:10 (8173 turns).

pkoi the Shield-Bearer (Demigod Fighter)            Turns: 8173, Time: 00:08:10

Health: -1/52      AC:  8    Str: 17    XL:     6   Next: 22%
Magic:  8/8        EV:  9    Int: 20    God:
Gold:   222        SH:  5    Dex: 17    Spells: 5/5 levels left

rFire   + . .      SeeInvis .   a - +0 short sword
rCold   + . .      Faith    .   l - +0 buckler
rNeg    . . .      Spirit   .   d - +0 scale mail
rPois   .          Reflect  .   (no helmet)
rElec   .          Harm     .   p - scarf {rC+ rF+}
rCorr   .          Rampage  .   h - +0 pair of gloves
Will    .....                   (no boots)
Stlth   ..........              (no amulet)
HPRegen 0.17/turn               e - ring of flight
MPRegen 0.11/turn               n - +6 ring of intelligence

@: flying
A: high MP 1, forlorn, divine attributes
a: no special abilities


You were on level 4 of the Dungeon.
You visited 1 branch of the dungeon, and saw 5 of its levels.

You collected 222 gold pieces.

Inventory:

Hand Weapons
 a - a +0 short sword (weapon)
 b - a +0 hunting sling
Missiles
 g - 49 stones (quivered)
 r - 4 curare-tipped darts
 s - 2 boomerangs
 y - 25 sling bullets
 A - 12 poisoned darts
Armour
 d - a +0 scale mail (worn)
 h - a +0 pair of gloves (worn)
 l - a +0 buckler (worn)
 p - a scarf of resistance (worn)
Jewellery
 e - a ring of flight (left hand)
 n - a +6 ring of intelligence (right hand)
Wands
 B - a wand of paralysis (5)
Scrolls
 j - a scroll of teleportation
 k - a scroll of magic mapping
Potions
 c - a potion of might
 f - a potion of lignification {unknown}
 i - a potion of heal wounds
 m - a potion of haste
 q - a potion of curing
 u - a potion of resistance
 z - a potion of brilliance
 C - a potion of degeneration {unknown}


   Skills:
 + Level 4.0 Fighting
 + Level 3.9 Armour
 - Level 1.0 Dodging
 + Level 4.0 Shields
 + Level 3.3 Unarmed Combat
 + Level 0.1 Evocations


You had 5 spell levels left.
You didn't know any spells.
Your spell library was empty.

Dungeon Overview and Level Annotations

Branches:
Dungeon (5/15)
 Temple: D:4-7

Shops:
D:1 (

Annotations:
D:3 Sigmund
D:4 Edmund


Innate Abilities, Weirdness & Mutations

You have an increased reservoir of magic. (+10% MP)
You shall have no god before yourself.
Your divine heritage dramatically boosts your attributes as you level up.


Message History

The helpless Edmund fails to defend himself.
You puncture Edmund!
Edmund is moderately wounded.
The helpless Edmund fails to defend himself.
You puncture Edmund!
Edmund is moderately wounded.
The helpless Edmund fails to defend himself.
You hit Edmund.
Edmund is heavily wounded.
The helpless Edmund fails to defend himself.
You hit Edmund but do no damage.
Edmund is heavily wounded.
The helpless Edmund fails to defend himself.
You hit Edmund but do no damage.
Edmund is heavily wounded.
The helpless Edmund fails to defend himself.
You hit Edmund.
Edmund is heavily wounded.
The helpless Edmund fails to defend himself.
You hit Edmund.
Edmund is heavily wounded.
The helpless Edmund fails to defend himself.
You hit Edmund.
Edmund is severely wounded.
Edmund is no longer paralysed.
Edmund hits you with a +2 vorpal flail!
* * * LOW HITPOINT WARNING * * *
x2 You closely miss Edmund.
Edmund is severely wounded.
Edmund hits you with a +2 vorpal flail!
* * * LOW HITPOINT WARNING * * *
x2 You hit Edmund.
Edmund is severely wounded.
Edmund hits you with a +2 vorpal flail!
* * * LOW HITPOINT WARNING * * *
x2 Edmund hits you with a +2 vorpal flail!
* * * LOW HITPOINT WARNING * * *
x2 You hit Edmund but do no damage.
Edmund is severely wounded.
Edmund hits you with a +2 vorpal flail.
You die...

#.# #.........## ###........###
#.# ##..........###..........###
#.# #.#####.................#.#.
##.###.## ##.....................
#..##...###.....##...............
#..#..........####......##.......
##..###......#......########.....
##..######..........### ##.....
#.##.# #......@@.....### #......
.###.####...###.........###......
## ##.##...##......###......#....
##.............# ####.......#
#####.......##....## ##......#
#..........##......# ##......#
###....>.##........# ##........
##.##..............####..#...###
#.###...................###..# #


You could see Edmund.

Vanquished Creatures
  An ogre (D:5)
  A scorpion (D:4)
  A hound (D:4)
  A centaur skeleton (D:4)
  An iguana (D:5)
  Ijyb (D:3)
  4 adders
  2 worms
  3 dart slugs
  6 orcs
  5 ball pythons
  2 bat zombies (D:3)
  5 endoplasms
  4 giant cockroaches
  7 hobgoblins
  7 kobolds
  3 quokkas
  5 bats
  2 frilled lizards
  6 goblins
  8 rats
  A rat zombie (D:3)
76 creatures vanquished.

Notes
Turn   | Place    | Note
-------+----------+-------------------------------------------
     0 | D:1      | pkoi the Demigod Fighter began the quest for the Orb.
     0 | D:1      | Reached XP level 1. HP: 18/18 MP: 3/3
   843 | D:1      | Reached XP level 2. HP: 17/25 MP: 4/4
  1092 | D:1      | Found Tyte's Weapon Boutique.
  1965 | D:2      | Reached XP level 3. HP: 20/31 MP: 5/5
  3682 | D:3      | Reached XP level 4. HP: 38/38 MP: 6/6
  3724 | D:3      | Noticed Ijyb
  3728 | D:3      | Paralysed by Ijyb for 2 turns
  3740 | D:3      | Paralysed by Ijyb for 2 turns
  3756 | D:3      | Paralysed by Ijyb for 2 turns
  3771 | D:3      | Paralysed by Ijyb for 2 turns
  3776 | D:3      | Paralysed by Ijyb for 4 turns
  3816 | D:3      | Killed Ijyb
  3817 | D:3      | Reached skill level 1 in Dodging
  4069 | D:3      | Noticed Sigmund
  4563 | D:4      | Noticed Edmund
  4725 | D:3      | Reached XP level 5. HP: 41/45 MP: 7/7
  6378 | D:4      | Paralysed by a goblin for 3 turns
  7623 | D:5      | Entered Level 5 of the Dungeon
  7652 | D:5      | Noticed an ogre
  7666 | D:5      | Killed an ogre
  7667 | D:5      | Reached XP level 6. HP: 52/52 MP: 8/8
  8173 | D:4      | Slain by Edmund

Illustrated notes

Levels and vault maps discovered:
D:1:      lightli_arrival_boilingwater, layout_basic, serial_shops, shop,
          basic_ecumenical_altar
D:2:      layout_loops_cross, minmay_bisected
D:3:      layout_rooms, lemuel_zombie_altar_kikubaaqudgha, uniq_sigmund,
          uniq_ijyb
D:4:      layout_layer_cave, grunt_dithmenos_smoke_and_mirrors,
          nicolae_overflow_crystal_walls, nrook_uturn, uniq_edmund
D:5:      layout_loops_corners, zin_statuary, slow_altar_1,
          mainiacjoe_overflow_chevrons, chequers_decorated_corner,
          hangedman_decor_opposing

Skill      XL: |  1  2  3  4  5 |
---------------+----------------+-----
Unarmed Combat | 2 3 |  3.3
Shields        | 3 4 |  4.0
Fighting       | 3 4 |  4.0
Armour         | 3 |  3.9
Dodging        | 1 |  1.0
Evocations     | |  0.1

Action                   |  1- 3 |  4- 6 || total
-------------------------+-------+-------++-------
Melee: Short sword       |   124 |   155 ||   279
       Unarmed           |     2 |       ||     2
 Fire: Hunting sling     |    69 |    40 ||   109
Throw: Dart              |     1 |     3 ||     4
Evoke: Wand              |       |     3 ||     3
  Use: Scroll            |     5 |     9 ||    14
 Stab: Paralysed         |       |    22 ||    22
Armor: Scale mail        |    57 |    54 ||   111
Dodge: Dodged            |    63 |    59 ||   122
Block: Buckler           |    34 |    32 ||    66
